 Dungeon Crawl Stone Soup version 0.18.1-6-gd335043 (webtiles) character file.

6241 manyhoops the Cleaver (level 10, -7/82 HPs)
             Began as a Demonspawn Gladiator on May 16, 2016.
             Was a Believer of Qazlal.
             Mangled by a blink frog (17 damage)
             ... on level 9 of the Dungeon.
             The game lasted 00:18:22 (7608 turns).

manyhoops the Cleaver (Demonspawn Gladiator)        Turns: 7608, Time: 00:18:23

Health: -7/82      AC: 20    Str: 23    XL:     10   Next: 62%
Magic:  15/15      EV:  9    Int: 11    God:    Qazlal [**....]
Gold:   320        SH:  3    Dex: 13    Spells: 0 memorised, 9 levels left

rFire  + . .     SeeInvis .     a - +1 war axe
rCold  . . .     Gourm    .     y - +4 chain mail {MR+}
rNeg   . . .     Faith    .     (no shield)
rPois  .         Spirit   .     (helmet restricted)
rElec  .         Dismiss  .     k - +2 cloak
rCorr  .         Reflect  .     (no gloves)
SustAt .         Harm     +     (no boots)
MR     +....                    K - amulet of harm
Stlth  ..........               c - +5 ring of strength
                                B - +3 ring of protection

@: somewhat resistant to hostile enchantments, extremely unstealthy
A: antennae 2, talons 1, fire resistance 1, powered by death 1, flame cloud
immunity
a: Upheaval, Renounce Religion


You were on level 9 of the Dungeon.
You worshipped Qazlal.
Qazlal was pleased with you.
You were hungry.

You visited 3 branches of the dungeon, and saw 12 of its levels.
You also visited: Sewer.

You collected 425 gold pieces.
You spent 105 gold pieces at shops.

Inventory:

Hand Weapons
 a - a +1 war axe (weapon)
 f - a +2 mace of protection
Missiles
 d - 4 throwing nets (quivered)
Armour
 k - a +2 cloak (worn)
 y - a +4 chain mail of magic resistance (worn)
Jewellery
 c - a +5 ring of strength (right hand)
 t - an uncursed ring of fire
 w - an uncursed amulet of regeneration
 A - an uncursed ring of positive energy
 B - a +3 ring of protection (left hand)
 K - an amulet of harm (around neck)
Scrolls
 g - a scroll of fear
 i - 3 scrolls of remove curse
 n - a scroll of recharging
 q - a scroll of magic mapping
 u - a scroll of noise {unknown}
 F - a scroll of blinking {unknown}
 G - a scroll of teleportation
 J - 3 scrolls of immolation
 L - a scroll of brand weapon {unknown}
 N - a scroll of enchant armour
Potions
 e - 3 potions of might
 j - 4 potions of agility
 l - 3 potions of curing
 o - a potion of mutation {unknown}
 p - 2 potions of cancellation
 r - 3 potions of flight
 v - a potion of ambrosia {unknown}
 z - 2 potions of cure mutation
 D - 2 potions of heal wounds
 E - a potion of degeneration {unknown}
 H - a potion of magic {unknown}
 I - a potion of haste
Books
 C - a book of Minor Magic

   Spells                             Type                      Level
   a - Magic Dart                     Conjuration                  1
   b - Blink                          Translocation                2
   c - Call Imp                       Summoning                    2
   d - Repel Missiles                 Charms/Air                   2
   e - Slow                           Hexes                        2
   f - Conjure Flame                  Conjuration/Fire             3
   g - Mephitic Cloud                 Conjuration/Poison/Air       3
Comestibles
 b - a chunk of flesh
 h - 2 beef jerkies
 m - 7 slices of pizza
 s - 33 fruits
 x - 3 meat rations
 M - 2 bread rations


   Skills:
 + Level 8.6 Fighting
 + Level 9.8 Axes
 - Level 1.7 Throwing
 + Level 6.9 Armour
 - Level 2.6 Dodging
 * Level 6.9 Invocations


You had 9 spell levels left.
You didn't know any spells.

Dungeon Overview and Level Annotations

Branches:
Dungeon (10/15)            Temple (1/1) D:7            Lair (1/8) D:9
    Orc: D:9-12

Altars:
Ashenzari
Cheibriados
Dithmenos
Elyvilon
Fedhas
Gozag
Kikubaaqudgha
Makhleb
Nemelex Xobeh
Okawaru
Pakellas
Qazlal
Sif Muna
Trog
Vehumet
Yredelemnul
Zin
The Shining One

Shops:
D:9 ?


Innate Abilities, Weirdness & Mutations

You have a pair of antennae on your head.
You have sharp toenails.
Your flesh is heat resistant.
You regenerate a little health from kills.
You are immune to clouds of flame.


Message History

The blink frog blinks! x2
The blink frog is no longer moving slowly.
The blink frog hits you but does no damage.
There is a staircase back to the Dungeon here.
The blink frog hits you!
* * * LOW HITPOINT WARNING * * *
The blink frog blinks!
You climb upwards.
Welcome back to the Dungeon!
There is a staircase to the Lair here.
You hit the blink frog.
The blink frog is moderately wounded.
The blink frog hits you but does no damage.
Your chain mail prevents you from hitting the blink frog.
The blink frog is moderately wounded.
The blink frog hits you but does no damage.
You block the blink frog's attack.
You closely miss the blink frog. Your kick misses the blink frog.
The blink frog is moderately wounded.
The blink frog hits you!
You die...

#####'###
#.........# #.#
########'## ###.#
###.# #...#
##...# ##.###
#..### # #..#
#####.##### ##
###.###
######........รท#
.# #.....#
#............>.#
.# ####^#####
#@.###.........#
[#
#....)...###.F#
#.........# .#
#.######.##..##
#.........# .#
#.##...)....##
#.........#
.####.##.###[####
#.........#
.'....##.#.([#
#.........#
.##########[##
#######.### ##
#.# #..# #.# #.##


You could see a blink frog.

Vanquished Creatures
  Joseph (D:9)
  A black mamba (Lair:1)
  A troll (D:9)
  A blink frog (Lair:1)
  A wyvern (D:9)
  A hog (D:7)
  A yak (D:7)
  A human (D:7)
  A hungry ghost (D:8)
  A hippogriff (D:9)
  2 steam dragons
  A porcupine (Lair:1)
  Duvessa (D:7)
  3 water moccasins
  4 ice beasts
  An orc warrior (D:6)
  3 black bears
  3 wolves (Lair:1)
  6 ogres
  2 centaurs (D:6)
  6 giant frogs
  Dowan (D:7)
  2 scorpions
  A killer bee (D:9)
  3 howler monkeys
  4 crimson imps
  2 centaur zombies (D:6)
  A quasit (D:7)
  2 jellies (D:7)
  A giant frog skeleton (D:7)
  6 hounds
  5 orc priests
  8 orc wizards
  A gnoll shaman (D:4)
  2 iguanas
  A worker ant (D:9)
  2 sheep (D:7)
  A howler monkey skeleton (D:4)
  6 gnolls
  9 adders
  3 river rats
  2 oozes
  An adder zombie (D:6)
  An adder skeleton (D:4)
  5 worms
  3 dart slugs
  5 giant geckos
  18 orcs
  5 giant cockroaches
  4 goblins
  6 hobgoblins
  16 jackals
  4 quokkas
  3 ball pythons
  A bat (D:3)
  5 giant newts
  A jackal skeleton (D:4)
  10 kobolds
  6 rats
  A plant (Lair:1)
200 creatures vanquished.

Vanquished Creatures (others)
  A plant (Lair:1)
1 creature vanquished.

Grand Total: 201 creatures vanquished

Notes
Turn   | Place    | Note
--------------------------------------------------------------
     0 | D:1      | manyhoops the Demonspawn Gladiator began the quest for the Orb.
     0 | D:1      | Reached XP level 1. HP: 16/16 MP: 1/1
   145 | D:1      | Reached skill level 3 in Axes
   208 | D:1      | Gained mutation: Your flesh is heat resistant. [demonic ancestry]
   208 | D:1      | Reached XP level 2. HP: 21/22 MP: 2/2
   380 | D:1      | You fall through a shaft!
   487 | D:2      | Gained mutation: You have sharp toenails. [demonic ancestry]
   487 | D:2      | Reached XP level 3. HP: 20/28 MP: 3/3
   991 | D:2      | Found a basalt altar of Yredelemnul.
  1679 | D:3      | Reached XP level 4. HP: 25/34 MP: 4/4
  1803 | D:3      | Reached skill level 1 in Armour
  2070 | D:3      | Found a burning altar of Makhleb.
  2070 | D:3      | Found an ancient bone altar of Kikubaaqudgha.
  2071 | D:3      | Found a sparkling altar of Nemelex Xobeh.
  2161 | D:3      | Reached skill level 4 in Axes
  2761 | D:4      | Found a white marble altar of Elyvilon.
  2804 | D:4      | Found a radiant altar of Vehumet.
  2989 | D:4      | Gained mutation: You regenerate a little health from kills. [demonic ancestry]
  2989 | D:4      | Reached XP level 5. HP: 26/41 MP: 5/5
  3275 | D:5      | Entered Level 5 of the Dungeon
  3315 | D:5      | Noticed an ogre
  3329 | D:5      | Killed an ogre
  3329 | D:5      | Gained mutation: You have a pair of small antennae on your head. [demonic ancestry]
  3329 | D:5      | Reached XP level 6. HP: 40/47 MP: 6/6
  3474 | D:5      | Reached skill level 5 in Axes
  3638 | D:5      | Found a glowing drain.
  3685 | Sewer    | Entered a sewer
  3688 | Sewer    | Noticed manyhoops's ghost (amateur DsFi)
  3841 | D:5      | Gained mutation: You have a pair of antennae on your head. [demonic ancestry]
  3841 | D:5      | Reached XP level 7. HP: 44/54 MP: 7/7
  3844 | D:5      | Found a bloodstained altar of Trog.
  3844 | D:5      | Found an oddly glowing altar of Pakellas.
  4355 | D:6      | Reached skill level 6 in Axes
  4687 | D:6      | Reached skill level 5 in Fighting
  4693 | D:6      | Reached XP level 8. HP: 54/62 MP: 8/8
  5028 | D:6      | Reached skill level 7 in Axes
  5180 | D:7      | Found a staircase to the Ecumenical Temple.
  5275 | Temple   | Entered the Ecumenical Temple
  5294 | Temple   | Became a worshipper of Qazlal Stormbringer
  5355 | D:7      | Reached skill level 5 in Armour
  5355 | D:7      | Reached skill level 1 in Invocations
  5364 | D:7      | Noticed Dowan
  5366 | D:7      | Noticed Duvessa
  5608 | D:7      | Reached XP level 9. HP: 71/71 MP: 10/10
  5609 | D:7      | Killed Duvessa
  5620 | D:7      | Killed Dowan
  5664 | D:7      | Reached * piety under Qazlal
  5766 | D:7      | Reached skill level 8 in Axes
  6171 | D:8      | Reached skill level 5 in Invocations
  6430 | D:9      | Reached ** piety under Qazlal
  6455 | D:9      | Found Rucobb's Magic Scroll Shop.
  6460 | D:9      | Bought a scroll of enchant armour for 105 gold pieces
  6488 | D:9      | Noticed a troll
  6491 | D:9      | Killed a troll
  6516 | D:9      | Gained mutation: You are immune to clouds of flame. [demonic ancestry]
  6516 | D:9      | Reached XP level 10. HP: 78/80 MP: 14/14
  6539 | D:9      | Reached skill level 9 in Axes
  6558 | D:9      | Found a staircase to the Lair.
  6763 | D:9      | Noticed Joseph
  6768 | D:9      | Killed Joseph
  6974 | D:9      | Found an iron altar of Okawaru.
  7043 | D:9      | Found an iron altar of Okawaru.
  7211 | D:10     | Entered Level 10 of the Dungeon
  7211 | D:10     | Noticed a green ugly thing
  7419 | Lair:1   | Entered Level 1 of the Lair of Beasts
  7548 | Lair:1   | Noticed a black mamba
  7556 | Lair:1   | Killed a black mamba
  7608 | D:9      | Mangled by a blink frog

Skill      XL: |  1  2  3  4  5  6  7  8  9 10 |
---------------+-------------------------------+-----
Axes           | 3 4 5 6 7 8 9 |  9.8
Armour         | 1 2 3 4 5 6 |  6.9
Fighting       | 3 4 5 6 7 8 |  8.6
Invocations    | 2 5 6 |  6.9
Throwing       | |  1.7
Dodging        | |  2.6

Action                   |  1- 3 |  4- 6 |  7- 9 | 10-12 || total
-------------------------+-------+-------+-------+-------++-------
Melee: War axe           |   122 |   269 |   466 |   130 ||   987
       Kick              |    21 |    67 |   140 |    36 ||   264
  Use: Scroll            |     9 |     2 |     6 |     6 ||    23
  Eat: Bread ration      |     1 |       |     2 |       ||     3
       Chunk             |       |     5 |     4 |     4 ||    13
Armor: Scale mail        |    53 |    32 |       |       ||    85
       Leather armour    |     2 |       |       |       ||     2
       Chain mail        |       |   172 |   357 |   109 ||   638
Dodge: Dodged            |    44 |   156 |   184 |    69 ||   453
Block: Large shield      |    37 |       |       |       ||    37
       Other             |       |       |     9 |    23 ||    32
